 Dungeon Sprint DCSS version 0.24-a0-458-gfcb5e6da0e (webtiles) character file.

Game seed: 10124978586771166261

13600000 epen the Swordmaster (level 27, -34/246 (249) HPs)
             Began as a Demonspawn Gladiator on June 26, 2019.
             Was the Champion of Makhleb.
             Annihilated by The Servant
             ... wielding a +9 glaive of flaming
              (117 damage)
             ... in the Dungeon (Sprint VIII: "Arena of Blood").
             The game lasted 00:03:02 (136 turns).

epen the Swordmaster (Demonspawn Gladiator)          Turns: 136, Time: 00:03:03

HP:   -34/246 (249) AC:  8    Str: 26    XL:     27
MP:   49/54         EV: 35    Int: 12    God:    Makhleb [******]
Gold: 0             SH:  0    Dex: 14    Spells: 80/80 levels left

rFire    . . .     SeeInvis .   l - +∞ Axe of Woe
rCold    . . .     Gourm    .   (shield currently unavailable)
rNeg     + . .     Faith    .   b - +0 leather armour
rPois    .         Spirit   .   c - +0 helmet
rElec    .         Reflect  .   (no cloak)
rCorr    .         Harm     .   (gloves unavailable)
MR       ++...     NoTele   +   (no boots)
Stlth    +++++++++.             (no amulet)
HPRegen  11.51/turn             (no ring)
MPRegen  0.34/turn              (no ring)

@: slowed, repel missiles, very slow
A: claws 3, repulsion field 3, demonic guardian 3, negative energy resistance 1,
powered by death 3, 50% torment resistance, black mark
a: Minor Destruction, Lesser Servant of Makhleb, Major Destruction, Greater
Servant of Makhleb, Renounce Religion


You were in the Dungeon.
You worshipped Makhleb.
Makhleb was exalted by your worship.
You were not hungry.

You visited 1 branch

Inventory:

Hand Weapons
 a - a +0 long sword
 l - the +∞ Axe of Woe (weapon)
   (You found it in the Dungeon)
Missiles
 d - 3 throwing nets (quivered)
Armour
 b - a +0 leather armour (worn)
 c - a +0 helmet (worn)
Scrolls
 k - a scroll of blinking
Potions
 e - a potion of curing
 g - a potion of heal wounds
 h - a potion of haste
 i - 2 potions of magic
 j - a potion of berserk rage
Comestibles
 f - a ration


   Skills:
 O Level 27 Fighting
 O Level 27 Long Blades
 O Level 27 Axes
 O Level 27 Throwing
 O Level 27 Armour
 O Level 27 Dodging
 O Level 27 Stealth
 O Level 27 Unarmed Combat
 O Level 27 Spellcasting
 O Level 27 Invocations


You had 80 spell levels left.
You didn't know any spells.
Your spell library was empty.

Dungeon Overview and Level Annotations

Branches:
Dungeon (1/1)

Altars:
Makhleb

Annotations:
D The Servant


Innate Abilities, Weirdness & Mutations

You have claws for hands.
You are surrounded by a strong repulsion field. (EV +4, RMsl)
A powerful demonic guardian rushes to your aid.
You resist negative energy. (rN+)
You regenerate a lot of health from kills.
You are somewhat able to resist unholy torments (1 in 2 success).
Your melee attacks may debilitate your foes.


Message History

You hear a shout!
The accursed casts a spell at you. Something smites you!
* * * LOW HITPOINT WARNING * * *
You hear a shout! x2
The tyrant moves out of view.
You hear a roar!
A meat beast comes into view.
You slice the tyrant!!
You hew the tyrant savagely.
You destroy the tyrant!
Makhleb accepts your kill.
You feel better.
A meat beast comes into view.
You feel something staring at you.
A bolt of fire appears from out of thin air!
The bolt of fire hits the fleshlord.
The fleshlord completely resists.
The bolt of fire hits you!!!
You hear a shout! x4
The Servant hits you from afar with a +9 glaive of flaming!!!!
You die...

.........
........# #...
#.......#
....###.2.. ..###.
.....%oD..##......
.#.....o{)_..o...
.......#pX...#
.......#_)@._#
.......#@)o.W#.
#.S2.....S......
.....O...###......
oO.2###.... ..###.
.M. #.......# .
#.......#
.........
......ooo
.........


You could see an accursed, 3 meat beasts, The Servant, an eight-headed meat
hydra, 2 scourges, a fleshlord, a large bag of meat (inner flame), a large
abomination, a dread, a meat berserker (berserk) and 3 bags of meat.

Vanquished Creatures
  2 hell knights (D)
  5 hell beasts (D)
  5 greater mummies (D)
  3 great orbs of eyes (D)
  A wraith (D)
  18 vampire knights (D)
  34 ogres (D)
  3 two-headed ogres (D)
  6 liches (D)
  6 hydras (D)
  55 orcs (D)
  3 phantoms (D)
  9 skeletal warriors (D)
  3 sea snakes (D)
  10 large abominations (D)
  4 small abominations (D)
  12 crawling corpses (D)
179 creatures vanquished.

Vanquished Creatures (others)
  2 crawling corpses (D)
2 creatures vanquished.

Grand Total: 181 creatures vanquished

Notes
Turn   | Place    | Note
-------+----------+-------------------------------------------
     0 | D        | Found the +∞ Axe of Woe
     0 | D        | epen the Demonspawn Gladiator began the quest for the Orb.
     0 | D        | Reached XP level 1. HP: 16/16 MP: 1/1
     0 | D        | Noticed a bag of meat
     2 | D        | Noticed a bag of meat
     4 | D        | Became a worshipper of Makhleb the Destroyer
     7 | D        | Killed a bag of meat
     7 | D        | Reached skill level 10 in Fighting
     7 | D        | Gained mutation: You regenerate a little health from kills.
                  | [demonic ancestry]
     7 | D        | Reached XP level 2. HP: 36/36 MP: 2/2
     7 | D        | Gained mutation: You regenerate health from kills. [demonic
                  | ancestry]
     7 | D        | Reached XP level 3. HP: 42/42 MP: 3/3
     7 | D        | Gained mutation: A weak demonic guardian rushes to your
                  | aid. [demonic ancestry]
     7 | D        | Reached XP level 4. HP: 48/48 MP: 4/4
     7 | D        | Gained mutation: A demonic guardian rushes to your aid.
                  | [demonic ancestry]
     7 | D        | Reached XP level 5. HP: 54/54 MP: 5/5
     7 | D        | Gained mutation: You regenerate a lot of health from kills.
                  | [demonic ancestry]
     7 | D        | Reached XP level 6. HP: 61/61 MP: 6/6
     7 | D        | Reached XP level 7. HP: 67/67 MP: 7/7
     7 | D        | Gained mutation: You have sharp fingernails. [demonic
                  | ancestry]
     7 | D        | Reached XP level 8. HP: 73/73 MP: 8/8
     7 | D        | Reached XP level 9. HP: 79/79 MP: 9/9
     7 | D        | Gained mutation: You are surrounded by a mild repulsion
                  | field. (EV +2) [demonic ancestry]
     7 | D        | Reached XP level 10. HP: 86/86 MP: 10/10
     7 | D        | Gained mutation: You are surrounded by a moderate repulsion
                  | field. (EV +3) [demonic ancestry]
     7 | D        | Reached XP level 11. HP: 92/92 MP: 11/11
     9 | D        | Noticed a bag of meat
     9 | D        | Noticed a bag of meat
     9 | D        | Noticed a bag of meat
     9 | D        | Noticed a bag of meat
     9 | D        | Noticed a bag of meat
    10 | D        | Noticed a bag of meat
    12 | D        | Noticed a bag of meat
    13 | D        | Noticed a meat berserker
    13 | D        | Noticed a bag of meat
    15 | D        | Noticed a meat berserker
    16 | D        | Noticed a bag of meat
    17 | D        | Killed a bag of meat
    17 | D        | Reached XP level 12. HP: 102/102 MP: 12/12
    17 | D        | Noticed a bag of meat
    18 | D        | Noticed a bag of meat
    18 | D        | Killed a meat berserker
    18 | D        | Reached * piety under Makhleb
    18 | D        | Reached XP level 13. HP: 37/112 MP: 13/13
    18 | D        | Gained mutation: You resist negative energy. (rN+) [demonic
                  | ancestry]
    18 | D        | Reached XP level 14. HP: 39/119 MP: 14/14
    18 | D        | Killed a bag of meat
    18 | D        | Killed a meat berserker
    18 | D        | Reached ** piety under Makhleb
    18 | D        | Reached skill level 5 in Armour
    18 | D        | Gained mutation: You have very sharp fingernails. [demonic
                  | ancestry]
    18 | D        | Reached XP level 15. HP: 113/131 MP: 15/15
    19 | D        | Reached skill level 10 in Axes
    19 | D        | Reached skill level 15 in Throwing
    19 | D        | Gained mutation: You have claws for hands. [demonic
                  | ancestry]
    19 | D        | Reached XP level 16. HP: 141/141 MP: 16/16
    21 | D        | Reached *** piety under Makhleb
    21 | D        | Reached skill level 27 in Long Blades
    21 | D        | Reached skill level 15 in Axes
    21 | D        | Reached XP level 17. HP: 111/153 MP: 17/17
    21 | D        | Noticed a meat berserker
    21 | D        | Noticed a destroyer
    22 | D        | Reached skill level 27 in Dodging
    22 | D        | Reached **** piety under Makhleb
    22 | D        | Noticed a meat berserker
    22 | D        | Noticed a meat berserker
    23 | D        | Reached skill level 10 in Armour
    23 | D        | Noticed a meat berserker
    24 | D        | Killed a destroyer
    24 | D        | Reached XP level 18. HP: 172/172 MP: 18/18
    25 | D        | Killed a meat berserker
    26 | D        | Killed a meat berserker
    26 | D        | Reached ***** piety under Makhleb
    26 | D        | Reached skill level 27 in Fighting
    26 | D        | Reached skill level 27 in Axes
    26 | D        | Gained mutation: A powerful demonic guardian rushes to your
                  | aid. [demonic ancestry]
    26 | D        | Reached XP level 19. HP: 189/189 MP: 19/19
    27 | D        | Noticed a large bag of meat
    27 | D        | Killed a meat berserker
    27 | D        | Noticed a destroyer
    28 | D        | Noticed a destroyer
    29 | D        | Noticed an eight-headed meat hydra
    29 | D        | Noticed a destroyer
    29 | D        | Noticed a meat berserker
    30 | D        | Killed a meat berserker
    30 | D        | Reached skill level 27 in Throwing
    30 | D        | Reached XP level 20. HP: 25/197 MP: 20/20
    30 | D        | Killed a large bag of meat
    30 | D        | HP: 4/197 [large bag of meat/exploding inner flame (21)]
    30 | D        | Reached skill level 27 in Armour
    31 | D        | Reached skill level 10 in Unarmed Combat
    31 | D        | Reached skill level 10 in Spellcasting
    31 | D        | Gained mutation: You are somewhat able to resist unholy
                  | torments (1 in 2 success). [demonic ancestry]
    31 | D        | Reached XP level 21. HP: 142/204 MP: 20/37
    31 | D        | Killed a destroyer
    31 | D        | Reached ****** piety under Makhleb
    33 | D        | Gained mutation: Your melee attacks may debilitate your
                  | foes. [demonic ancestry]
    33 | D        | Reached XP level 22. HP: 212/212 MP: 20/45
    34 | D        | Reached skill level 27 in Invocations
    36 | D        | Killed a destroyer
    36 | D        | Reached skill level 27 in Stealth
    36 | D        | Reached XP level 23. HP: 219/219 MP: 21/52
    37 | D        | Noticed a destroyer
    37 | D        | Noticed a destroyer
    40 | D        | Reached skill level 27 in Unarmed Combat
    40 | D        | Reached skill level 27 in Spellcasting
    41 | D        | Noticed a destroyer
    41 | D        | Noticed a destroyer
    42 | D        | Noticed a destroyer
    44 | D        | Killed a destroyer
    44 | D        | Reached XP level 24. HP: 227/227 MP: 23/54
    44 | D        | Killed a destroyer
    45 | D        | Noticed an accursed
    45 | D        | Killed a destroyer
    45 | D        | Killed a destroyer
    45 | D        | Reached XP level 25. HP: 234/234 MP: 23/54
    46 | D        | Noticed a destroyer
    46 | D        | Noticed a destroyer
    47 | D        | Killed a destroyer
    51 | D        | Noticed a destroyer
    52 | D        | Killed an accursed
    52 | D        | Reached XP level 26. HP: 242/242 MP: 25/54
    54 | D        | Killed a destroyer
    55 | D        | Killed a destroyer
    56 | D        | Gained mutation: You are surrounded by a strong repulsion
                  | field. (EV +4, RMsl) [demonic ancestry]
    56 | D        | Reached XP level 27. HP: 249/249 MP: 26/54
    56 | D        | Noticed a large bag of meat
    59 | D        | Killed a destroyer
    62 | D        | Noticed an accursed
    63 | D        | Killed a large bag of meat
    64 | D        | Noticed a destroyer
    65 | D        | Killed a destroyer
    67 | D        | Killed a destroyer
    67 | D        | Noticed a meat beast
    70 | D        | Noticed a destroyer
    72 | D        | Killed a meat beast
    72 | D        | Killed a destroyer
    78 | D        | Noticed a destroyer
    80 | D        | Killed an accursed
    85 | D        | Noticed a meat beast
    89 | D        | Killed a destroyer
    90 | D        | Killed a meat beast
    93 | D        | Noticed an accursed
   101 | D        | Noticed a meat beast
   101 | D        | Noticed a dread
   101 | D        | Noticed an accursed
   102 | D        | Killed an accursed
   102 | D        | Noticed a large bag of meat
   103 | D        | Noticed an accursed
   105 | D        | Noticed a tyrant
   106 | D        | Killed a meat beast
   107 | D        | Noticed a destroyer
   107 | D        | Noticed a tyrant
   108 | D        | Killed a destroyer
   108 | D        | Noticed a meat beast
   109 | D        | Noticed a tyrant
   111 | D        | Killed a meat beast
   111 | D        | Killed a large bag of meat
   113 | D        | Killed a tyrant
   114 | D        | Noticed a destroyer
   115 | D        | Killed an accursed
   116 | D        | Killed a tyrant
   116 | D        | Noticed a fleshlord
   117 | D        | Killed a dread
   119 | D        | Noticed a destroyer
   121 | D        | Noticed a tyrant
   121 | D        | Noticed a fleshlord
   122 | D        | Killed an accursed
   122 | D        | Noticed The Servant
   123 | D        | Noticed a tyrant
   124 | D        | Noticed a tyrant
   125 | D        | Killed a tyrant
   125 | D        | Killed a destroyer
   126 | D        | Killed a fleshlord
   128 | D        | Noticed a dread
   129 | D        | Killed a tyrant
   129 | D        | Killed a fleshlord
   133 | D        | Killed a tyrant
   134 | D        | Noticed a meat beast
   134 | D        | Killed a destroyer
   134 | D        | Noticed a fleshlord
   135 | D        | Noticed a large bag of meat
   135 | D        | Noticed a meat beast
   135 | D        | Noticed an accursed
   135 | D        | Noticed a tyrant
   135 | D        | Killed a meat beast
   136 | D        | Noticed a meat beast
   136 | D        | Killed a tyrant
   136 | D        | Noticed a meat beast
   136 | D        | Annihilated by The Servant

Levels and vault maps discovered:
D:        meatsprint

Skill      XL: |  1  2  3  4  5  6  7  8  9 10 11 12 13 14 15 16 17 18 19 20 21 22 23 |
---------------+----------------------------------------------------------------------+-----
Fighting       | 10 11 13 16 17 19 23 27 | 27.0
Long Blades    | 16 18 21 23 25 27 | 27.0
Axes           | 3 4 6 9 11 15 24 27 | 27.0
Throwing       | 9 11 12 14 15 16 19 22 27 | 27.0
Dodging        | 16 18 21 23 25 26 27 | 27.0
Armour         | 3 5 6 7 11 14 21 27 | 27.0
Stealth        | 13 21 27 | 27.0
Unarmed Combat | 12 19 25 27 | 27.0
Spellcasting   | 12 19 25 27 | 27.0
Invocations    | 16 26 27 | 27.0

Action                   |  1- 3 |  4- 6 |  7- 9 | 10-12 | 13-15 | 16-18 | 19-21 | 22-24 | 25-27 || total
-------------------------+-------+-------+-------+-------+-------+-------+-------+-------+-------++-------
Melee: Executioner's axe |     1 |       |       |     2 |     1 |     6 |     5 |     8 |    64 ||    87
Armor: Leather armour    |       |       |       |       |       |       |     1 |       |     1 ||     2
Dodge: Dodged            |       |       |       |     2 |     1 |     1 |       |       |    12 ||    16
       Deflected         |       |       |       |       |       |       |       |       |     1 ||     1

Table legend:
 A = Non-vault XP
 B = Vault XP
 C = Vault XP percentage of total XP
 D = Non-vault monster count
 E = Vault monster count
 F = Vault count percentage of total count
                 A         B        C        D         E       F
            +---------+---------+-------+---------+---------+-------
      Total | 3389347 |  736357 |  17.8 |     108 |      59 |  35.3
            +---------+---------+-------+---------+---------+-------
          D | 3389347 |  736357 |  17.8 |     108 |      59 |  35.3
            +---------+---------+-------+---------+---------+-------
